 Dungeon Crawl Stone Soup version 0.23-a0-489-g205b0b6 (webtiles) character file.

102 Espgualade the Skirmisher (level 4, 0/29 HPs)
             Began as a Tengu Ice Elementalist on Dec 2, 2018.
             Slain by an orc wizard
             ... wielding a +0 dagger
              (1 damage)
             ... on level 3 of the Dungeon.
             The game lasted 00:05:05 (2436 turns).

Espgualade the Skirmisher (Tengu Ice Elementalist)  Turns: 2436, Time: 00:05:06

Health: 0/29       AC:  3    Str:  8    XL:     4   Next: 78%
Magic:  0/8        EV: 12    Int: 22    God:
Gold:   96         SH:  0    Dex: 14    Spells: 1/7 levels left

rFire    . . .     SeeInvis .   d - +0 spear
rCold    . . .     Gourm    .   (no shield)
rNeg     . . .     Faith    .   a - +1 robe
rPois    .         Spirit   .   (helmet restricted)
rElec    .         Reflect  .   (no cloak)
rCorr    .         Harm     .   (no gloves)
MR       .....                  (boots unavailable)
Stlth    ++........             (no amulet)
HPRegen  0.09/turn              (no ring)
MPRegen  0.11/turn              (no ring)

@: brilliant, very slightly contaminated
A: beak, talons 3
a: no special abilities


You were on level 3 of the Dungeon.
You were not hungry.

You visited 1 branch of the dungeon, and saw 3 of its levels.

You collected 96 gold pieces.

Inventory:

Hand Weapons
 d - a +0 spear (weapon)
Armour
 a - a +1 robe (worn)
Jewellery
 l - a cursed ring of attention {unknown}
Scrolls
 f - a scroll of identify
 k - a scroll of remove curse
Potions
 b - 3 potions of haste
 e - a potion of might {unknown}
 g - a potion of agility {unknown}
 h - a potion of curing {unknown}
 i - a potion of resistance
Comestibles
 c - 6 rations


   Skills:
 + Level 4.2 Fighting
 - Level 2.1 Dodging
 - Level 2.0 Stealth
 - Level 2.0 Spellcasting
 - Level 1.3 Conjurations
 - Level 2.6 Ice Magic


You had one spell level left.
You knew the following spells:

 Your Spells              Type           Power        Failure   Level  Hunger
a - Freeze                Ice            ####         1%          1    #......
b - Throw Frost           Conj/Ice       ###...       1%          2    ##.....
c - Ozocubu's Armour      Chrm/Ice       ###.....     3%          3    ###....

Your spell library contained the following spells:

 Spells                   Type           Power        Failure   Level  Hunger
 Throw Icicle             Conj/Ice       ###.....     7%          4    #####..
 Summon Ice Beast         Ice/Summ       ###.....     9%          4    #####..


Dungeon Overview and Level Annotations

Branches:
Dungeon (3/15)

Altars:


Innate Abilities, Weirdness & Mutations

You have a beak for a mouth.
You have claws for feet.


Message History

It was a potion of brilliance.
You feel clever all of a sudden.
The orc priest hits you with a +0 dagger.
* * * LOW HITPOINT WARNING * * *
Casting: Freeze (safe; 1% risk of failure)
Confirm with . or Enter, or press ? or * to list all spells.
Aiming: Freeze (safe; 1% risk of failure)
Press: ? - help, Shift-Dir - straight line, f - orc priest
Aim: an orc priest, wielding a +0 dagger and wearing a +0 chain mail You freeze the orc priest.
The orc priest is heavily wounded.
The orc priest hits you with a +0 dagger.
* * * LOW HITPOINT WARNING * * *
You barely miss the orc priest. You claw the orc priest.
The orc priest is heavily wounded.
The orc wizard closely misses you.
The orc priest hits you with a +0 dagger.
* * * LOW HITPOINT WARNING * * *
The orc wizard hits you with a +0 dagger.
You die...

........##..............##)#
#..
....[...##...##.........##.#
#.#
...#+###.................#.#
#.#
.....###.......#.#.......#.#
#.#
......##†......#.#.......#.#
#.#
.........)...###.#.......#.#
#.#
......##.....###.#.......#.#
#.#
##....##........oo.......#.#
#<#
.#....###.......@#.......#
### .[##..#
#.......o'.......# . ..# ..#
.).......#.......###.. ..#
.. .........####.......##
..# .............§........
..# ....#####..........##
..# #... +..........# .##
#.# #......##### .#
.........#


You could see an orc priest, an orc wizard and an orc.

Vanquished Creatures
  An orc priest (D:3)
  An adder (D:3)
  2 oozes
  2 orcs (D:3)
  3 giant cockroaches
  7 hobgoblins
  7 kobolds
  A ball python (D:1)
  10 bats
  3 frilled lizards (D:2)
  10 goblins
  6 rats
53 creatures vanquished.

Notes
Turn   | Place    | Note
-------+----------+-------------------------------------------
     0 | D:1      | Espgualade the Tengu Ice Elementalist began the quest for
                  | the Orb.
     0 | D:1      | Reached XP level 1. HP: 10/10 MP: 4/4
   101 | D:1      | Reached skill level 1 in Fighting
   124 | D:1      | Reached XP level 2. HP: 14/17 MP: 6/6
   495 | D:1      | Reached skill level 2 in Fighting
  1072 | D:2      | Learned a level 2 spell: Throw Frost
  1077 | D:2      | Reached XP level 3. HP: 22/22 MP: 7/7
  1305 | D:2      | Reached skill level 3 in Fighting
  1608 | D:2      | Learned a level 3 spell: Ozocubu's Armour
  2045 | D:3      | Reached XP level 4. HP: 15/28 MP: 8/8
  2432 | D:3      | Reached skill level 4 in Fighting
  2436 | D:3      | HP: 1/29 [orc priest/+0 dagger (6)]
  2436 | D:3      | Slain by an orc wizard

Vault maps used:
D:1:      scummos_arrival_forest, kennysheep_doodads, serial_bayou_pond_c
D:2:      kennysheep_another_room
D:3:      first_ration

Skill      XL: |  1  2  3  4 |
---------------+-------------+-----
Fighting       | 1 2 3 4 |  4.2
Dodging        | |  2.1
Stealth        | |  2.0
Spellcasting   | |  2.0
Conjurations   | |  1.3
Ice Magic      | |  2.6

Action                   |  1- 3 |  4- 6 || total
-------------------------+-------+-------++-------
Melee: Spear             |   158 |     8 ||   166
       Kick              |    29 |     2 ||    31
       Peck              |    14 |     1 ||    15
 Cast: Freeze            |     6 |    12 ||    18
  Use: Scroll            |     6 |       ||     6
       Potion            |       |     1 ||     1
 Stab: Sleeping          |     7 |       ||     7
  Eat: Chunk             |     4 |     1 ||     5
Armor: Robe              |    38 |     4 ||    42
Dodge: Dodged            |    98 |    11 ||   109

Table legend:
 A = Non-vault XP
 B = Vault XP
 C = Vault XP percentage of total XP
 D = Non-vault monster count
 E = Vault monster count
 F = Vault count percentage of total count
                 A         B        C        D         E       F
            +---------+---------+-------+---------+---------+-------
      Total |     147 |       0 |   0.0 |      53 |       0 |   0.0
            +---------+---------+-------+---------+---------+-------
        D:1 |      30 |       0 |   0.0 |      17 |       0 |   0.0
        D:2 |      28 |       0 |   0.0 |      19 |       0 |   0.0
        D:3 |      89 |       0 |   0.0 |      17 |       0 |   0.0
            +---------+---------+-------+---------+---------+-------
